 Seeded DCSS version 0.29-a0-885-gb26ba3297d (webtiles) character file.

Game seed: 10092441578668863297 (custom seed)

17 zeratav the Shield-Bearer (level 2, 0/19 HPs)
             Began as a Gargoyle Fighter on July 20, 2022.
             Frozen to death by an endoplasm (5 damage)
             ... on level 1 of the Dungeon.
             The game lasted 00:00:45 (305 turns).

zeratav the Shield-Bearer (Gargoyle Fighter)         Turns: 305, Time: 00:00:46

Health: 0/19       AC:  9    Str: 19    XL:     2   Next: 62%
Magic:  2/2        EV:  9    Int:  8    God:
Gold:   0          SH:  4    Dex:  9    Spells: 1/1 levels left

rFire   . . .      SeeInvis .   a - +0 flail {mace}
rCold   . . .      Faith    .   c - +0 buckler
rNeg    + . .      Spirit   .   b - +0 scale mail
rPois   ∞          Reflect  .   (no helmet)
rElec   +          Harm     .   (no cloak)
rCorr   .          Rampage  .   (no gloves)
Will    .....                   (no boots)
Stlth   ..........              (no amulet)
HPRegen 0.06/turn               (no ring)
MPRegen 0.08/turn               (no ring)

@: no status effects
A: sickness immunity, AC +2, negative energy resistance 1, electricity
resistance, torment resistance 1, petrification resistance
a: no special abilities


You were on level 1 of the Dungeon.
You visited 1 branch of the dungeon, and saw 1 of its levels.


Innate Abilities, Weirdness & Mutations

You are immune to sickness and miasma.
Your stone body is resilient. (AC +2)
You are immune to poison.
You resist negative energy. (rN+)
You are resistant to electric shocks. (rElec)
You are resistant to unholy torment.
You are immune to petrification.


   Skills:
 - Level 3.2 Fighting
 + Level 3.1 Maces & Flails
 - Level 3.2 Armour
 - Level 3.2 Shields


You had one spell level left.
You didn't know any spells.
Your spell library was empty.

Inventory:

Hand Weapons
 a - a +0 flail (weapon) {mace}
Armour
 b - a +0 scale mail (worn)
 c - a +0 buckler (worn)
Scrolls
 e - 2 scrolls of poison {unknown}
 f - a scroll of summoning {unknown}
Potions
 d - 2 potions of might

Dungeon Overview and Level Annotations

Branches:
Dungeon (1/15) Zot: 5681

Altars:

#### # #. #.#
#.>.######.##
.....bJ.#... #@#..#
#.#..#
#.#..########.### ###
#.####†#..............
#.....
................# ..#
##.####.....###.# ###
#.# ####### #.#
#.############.#
#............).#


You could see an endoplasm and a bat.


Message History

You take 3 damage, and now have 16/19 hp.
You sock the endoplasm!
You kill the endoplasm!
No target in view!
No target in view!
No target in view!
No target in view!
You see here a +0 hand axe {axe}.
You see here a +0 hand axe {axe}.
A hobgoblin comes into view.
The hobgoblin shouts!
You hear a bark!
HP[+3]
Your hp is fully restored (19).
A hobgoblin is nearby!
You hit the hobgoblin.
The hobgoblin hits you but does no damage.
You closely miss the hobgoblin. You block the hobgoblin's attack.
You barely miss the hobgoblin. The hobgoblin closely misses you.
You hit the hobgoblin.
You kill the hobgoblin!
Your Maces & Flails skill increases to level 3!
No target in view!
No target in view!
No target in view!
No target in view!
You see here a hobgoblin corpse.
f - a scroll labelled CIANINI VAAWK A jackal comes into view.
A jackal is nearby!
A jackal is nearby!
The jackal barks!
You hear a bark! x3
The jackal bites you.
You hear a bark!
You hear a shout!
HP[-1]
You take 1 damage, and now have 18/19 hp.
You hit the jackal. The jackal closely misses you.
You hit the jackal. You block the jackal's attack.
The jackal bites you but does no damage.
HP[+1]
Your hp is fully restored (19).
You closely miss the jackal. The jackal bites you.
The jackal bites you but does no damage.
HP[-1]
You take 1 damage, and now have 18/19 hp.
You barely miss the jackal.
The jackal bites you but does no damage. x2
You hit the jackal.
You kill the jackal!
No target in view!
No target in view!
No target in view!
A goblin comes into view. It is wielding a +0 club.
A goblin is nearby!
A goblin is nearby!
A jackal comes into view.
Found a stone staircase leading down.
An endoplasm comes into view.
You block the goblin's attack.
You see here a jackal corpse.
The endoplasm quivers.
You hit the goblin. The goblin hits you but does no damage.
You sock the goblin!
You kill the goblin!
You hit the jackal but do no damage. The jackal barely misses you.
You completely miss the jackal. The jackal barely misses you. x2
You hit the jackal but do no damage.
The jackal bites you but does no damage. x2
You barely miss the jackal.
The jackal bites you but does no damage.
You block the jackal's attack.
HP[+1]
Your hp is fully restored (19).
You completely miss the jackal.
The jackal bites you but does no damage. x2
You sock the jackal!
You kill the jackal!
The endoplasm freezes you.
You are frozen.
HP[-4]
You take 4 damage, and now have 15/19 hp.
MASSIVE DAMAGE!! (PAUSE)
You barely miss the endoplasm. The endoplasm freezes you.
You are frozen.
A bat comes into view.
HP[-3]
You take 3 damage, and now have 12/19 hp.
You hit the endoplasm but do no damage. The endoplasm barely misses you.
You hit the endoplasm. The endoplasm freezes you.
You are frozen.
HP[-2]
You take 2 damage, and now have 10/19 hp.
You hit the endoplasm. The endoplasm freezes you.
You are frozen.
* * * LOW HITPOINT WARNING * * *
The endoplasm freezes you.
You are frozen.
You die...

Skill      XL: |  1  2 |
---------------+-------+-----
Maces & Flails | 3 |  3.1
Fighting       | |  3.2
Armour         | |  3.2
Shields        | |  3.2

Action                   || total
-------------------------++-------
Melee: Flail             ||    40
Armor: Scale mail        ||    22
Dodge: Dodged            ||    17
Block: Buckler           ||     6

Levels and vault maps discovered:
D:1:      dpeg_arrival_round_b, layout_loops_ring, basic_ecumenical_altar,
          st_stairs_7, minmay_box_of_dots

Notes
Turn   | Place    | Note
-------+----------+-------------------------------------------
     0 | D:1      | zeratav the Gargoyle Fighter began the quest for the Orb.
     0 | D:1      | Reached XP level 1. HP: 14/14 MP: 1/1
     0 | D:1      | magus.rc [v1.9.6]
     0 | D:1      | Upgraded the game from 0.29-a0-878-g7b45a56547 to
                  | 0.29-a0-885-gb26ba3297d
     0 | D:1      | magus.rc [v1.9.6]
    95 | D:1      | Reached XP level 2. HP: 19/19 MP: 2/2
   280 | D:1      | Reached skill level 3 in Maces & Flails
   305 | D:1      | Frozen to death by an endoplasm

Vanquished Creatures
  A ball python (D:1)
  An endoplasm (D:1)
  2 goblins (D:1)
  A hobgoblin (D:1)
  5 jackals (D:1)
  A kobold (D:1)
  A quokka (D:1)
  A rat (D:1)
13 creatures vanquished.

Table legend:
 A = Non-vault XP
 B = Vault XP
 C = Vault XP percentage of total XP
 D = Non-vault monster count
 E = Vault monster count
 F = Vault count percentage of total count
                 A         B        C        D         E       F
            +---------+---------+-------+---------+---------+-------
      Total |      22 |       3 |  12.0 |      11 |       2 |  15.4
            +---------+---------+-------+---------+---------+-------
        D:1 |      22 |       3 |  12.0 |      11 |       2 |  15.4
            +---------+---------+-------+---------+---------+-------

Illustrated notes

Table legend:
 A = Kills in this place as a percentage of kills in entire the game.
 B = Kills by you in this place as a percentage of kills by you in the entire game.
 C = Kills by friends in this place as a percentage of kills by friends in the entire game.
 D = Other kills in this place as a percentage of other kills in the entire game.
 E = Experience gained in this place as a percentage of experience gained in the entire game.
 F = Experience gained in this place divided by the number of levels of this place that you have seen.
                   A       B       C       D       E      F
               +-------+-------+-------+-------+-------+----------------------
         Total | 100.0 | 100.0 |   N/A |   N/A | 100.0 |  25.0
       Dungeon | 100.0 | 100.0 |   N/A |   N/A | 100.0 |  25.0
               +-------+-------+-------+-------+-------+----------------------

Table legend: (Time is in decaauts)
 A = Elapsed time spent in this place.
 B = Non-inter-level travel time spent in this place.
 C = Inter-level travel time spent in this place.
 D = Time resting spent in this place.
 E = Time spent auto-exploring this place.
 F = Levels seen in this place.
 G = Mean time per level.
                   A        B        C        D        E       F      G
               +--------+--------+--------+--------+--------+-----+--------+
         Total |    316 |    316 |      0 |      0 |    247 |   1 |  316.0 |
       Dungeon |    316 |    316 |      0 |      0 |    247 |   1 |  316.0 |
               +--------+--------+--------+--------+--------+-----+--------+

Top non-repeatable levels by time:
     D:1: 316 daAuts
